cohdb
Replays
Latest Replays
All Replays
Popular Replays
Top Player Replays
Match Explorer
How It Works
Community
CoH3 Stats
Reddit
Sign in to upload your games and track your stats! →
Sign in with Steam
Match 41028170
Unlisted
Match 41028170
Overview
Messages
Build Orders
End
Panzergrenadier Squad
Selects Battlefield Espionage Battlegroup
Panzergrenadier Squad
250 Light Carrier
Construct Light Support Kompanie
MG34 Team
Selects 250/3 Funkpanzerwagen
Panzergrenadier Squad
Selects Intel Disruption Beacon
Construct Mechanized Kompanie
8 Rad Armored Car
2.5-tonne Medical Truck
Selects Anti-Tank Incendiary Munitions
Veteran Squad Leaders
Selects Advanced Ambush Training
Marder III Tank Destroyer
254 Reconnaissance Tractor
Selects Plunder
Panzergrenadier Squad
2.5-tonne Medical Truck
Panzerjäger Squad
Construct Panzerarmee Kommand
Selects Firestorm
Selects Operation Skorpion
Panzer III L Medium Tank
Flak 36 Anti-tank Gun Team
Firestorm
Fruti2k
GoonsOut
razor94
Moody
0
0
Comments
sign in to comment!
No comments posted yet!